 Dungeon Crawl Stone Soup version 0.21.1-1-g345015fe64 (webtiles) character file.

74682 Henning the Severer (level 15, -10/139 HPs)
             Began as a Minotaur Berserker on June 13, 2018.
             Was the Champion of Trog.
             Killed from afar by a deep elf mage (13 damage)
             ... with a bolt of lightning
             ... on level 1 of the Elven Halls on June 14, 2018.
             The game lasted 01:23:06 (16595 turns).

Henning the Severer (Minotaur Berserker)           Turns: 16595, Time: 01:23:10

Health: -10/139    AC: 23    Str: 26    XL:     15   Next: 7%
Magic:  14/14      EV: 12    Int:  4    God:    Trog [******]
Gold:   2012       SH: 17    Dex: 18    Spells: 14/14 levels left

rFire    . . .     SeeInvis +   v - +4 war axe (drain)
rCold    . . .     Gourm    .   t - +3 shield
rNeg     . . .     Faith    .   R - +0 plate armour
rPois    +         Spirit   .   (helmet restricted)
rElec    .         Reflect  .   x - +0 cloak
rCorr    .         Harm     .   X - +2 pair of gloves {Dex+3}
MR       ++...                  m - +1 pair of boots
Stlth    ..........             h - amulet of regeneration
HPRegen  0.73/turn              U - ring of protection from magic
MPRegen  0.14/turn              M - ring of Ithrealak {Wiz *Drain rPois Dex+3 SInv}

@: no status effects
A: retaliatory headbutt, horns 2
a: Berserk, Trog's Hand, Brothers in Arms, Burn Spellbooks, Renounce Religion


You were on level 1 of the Elven Halls.
You worshipped Trog.
Trog was exalted by your worship.
You were not hungry.

You visited 5 branches of the dungeon, and saw 20 of its levels.
You visited the Abyss 1 time.
You also visited: Ossuary.

You collected 2012 gold pieces.

Inventory:

Hand Weapons
 v - a +4 war axe of draining (weapon)
Missiles
 j - 6 tomahawks (quivered)
 z - 5 poisoned javelins
 D - 8 exploding tomahawks
 O - 3 tomahawks of returning
 Z - 8 poisoned tomahawks
Armour
 m - a +1 pair of boots (worn)
 t - a +3 shield (worn)
 x - a +0 cloak (worn)
 N - +0 ice dragon scales
 R - a +0 plate armour (worn)
 X - a +2 pair of gloves of dexterity (worn)
Jewellery
 g - an uncursed ring of protection from fire
 h - an amulet of regeneration (around neck)
 I - an uncursed ring of stealth
 M - a ring of Ithrealak (right hand) {Wiz *Drain rPois Dex+3 SInv}
   (You found it on level 13 of the Dungeon)

   [ring of wizardry]

   It improves your spell success rate.
   It affects your dexterity (+3).
   It protects you from poison.
   It lets you see invisible.
   It causes draining when unequipped.
 Q - an uncursed amulet of guardian spirit
 U - a ring of protection from magic (left hand)
 Y - an uncursed ring of resist corrosion
Wands
 s - a wand of paralysis (5)
 F - a wand of acid (9)
 G - a wand of iceblast (25)
 L - a wand of digging (12)
 S - a wand of flame (23)
 W - a wand of scattershot (4)
Scrolls
 f - 11 scrolls of teleportation
 i - 4 scrolls of blinking
 o - 3 scrolls of fear
 q - 5 scrolls of immolation
 r - 2 scrolls of fog
 y - 7 scrolls of remove curse
 A - a scroll of summoning
 J - 2 scrolls of identify
 T - a scroll of magic mapping {unknown}
Potions
 a - a potion of resistance
 b - 4 potions of brilliance
 d - a potion of lignification
 k - 3 potions of magic
 n - 4 potions of heal wounds
 p - 3 potions of flight
 u - 12 potions of degeneration
 w - 2 potions of haste {unknown}
 B - 2 potions of berserk rage {unknown}
 C - 3 potions of might
 E - 2 potions of mutation {unknown}
 H - 12 potions of curing
 K - 2 potions of ambrosia {unknown}
 P - 3 potions of cancellation {unknown}
 V - 3 potions of invisibility {unknown}
Miscellaneous
 e - a phial of floods
Comestibles
 c - 47 rations


   Skills:
 + Level 14.4 Fighting
 + Level 18.0 Axes
 + Level 5.3 Throwing
 + Level 13.3 Armour
 + Level 6.6 Dodging
 + Level 2.3 Stealth
 + Level 14.0 Shields


You had 14 spell levels left.
You didn't know any spells.

Dungeon Overview and Level Annotations

Branches:
Dungeon (15/15)            Temple (1/1) D:6            Lair (0/6) D:10
    Orc (2/2) D:10            Elf (1/3) Orc:2        Vaults (0/5) D:13
 Depths (1/5) D:15

Altars:
Ashenzari
Cheibriados
Dithmenos
Elyvilon
Fedhas
Gozag
Hepliaklqana
Kikubaaqudgha
Makhleb
Nemelex Xobeh
Okawaru
Qazlal
Ru
Sif Muna
Trog
Uskayaw
Vehumet
Wu Jian
Xom
Yredelemnul
Zin
The Shining One
Beogh

Shops:
D:13 *   Orc:2 [=}:   Depths:1 *


Innate Abilities, Weirdness & Mutations

You reflexively headbutt those who attack you in melee.
You have a pair of horns on your head.


Message History

The smoke demon roars!
The smoke demon gestures at you. The ball of steam hits you!
* * * LOW HITPOINT WARNING * * *
You see here a tomahawk.
The smoke demon gestures at you. Something smites you!
* * * LOW HITPOINT WARNING * * *
All of the chunks of flesh in your inventory have rotted away.
There is a gateway leading out of the Abyss here.
You see here 4 tomahawks.
You pass through the gate.
Welcome back to the Elven Halls!
You block the wizard's attack.
The deep elf mage points at you and mumbles some strange words.
The bolt of lightning hits the boggart.
The boggart dies!
The bolt of lightning hits you!
* * * LOW HITPOINT WARNING * * *
The bolt of lightning hits you!
You die...

###########
#####.........##
#.....#........#
#.[@p..###.#
#....##..#.#
#...##/.ยง.#.#
#..## e...#.#
...# .#e.#.#
#... ....#.# #
...
##+##.#########
.. #.#.....##.
#...(.....#


You could see 2 deep elf magi and a wizard.

Vanquished Creatures
  Rupert (D:13)
  A tentacled starspawn (Abyss:2)
  A deep elf elementalist (Elf:1)
  A stone giant (Orc:1)
  An ettin (D:13)
  A deep elf death mage (Elf:1)
  A great orb of eyes (Depths:1)
  2 hydras
  2 ice dragons
  2 centaur warriors (D:13)
  An ogre mage (D:15)
  10 two-headed ogres
  A thrashing horror (Abyss:2)
  Sonja (Orc:2)
  A deep elf knight (Elf:1)
  An iron troll (D:13)
  A spatial maelstrom (Abyss:2)
  An unseen horror (D:13)
  A wizard (D:15)
  A flayed ghost (Abyss:2)
  2 wolf spider zombies
  3 deep elf archers (Elf:1)
  2 orc knights (Orc:2)
  A necromancer (D:13)
  21 deep elf magi
  The ghost of Sapher the Grave Robber, a novice GnNe of Cheibriados (D:10)
  4 manticores
  4 ugly things (D:14)
  An orc sorcerer (D:15)
  Maurice (D:8)
  A naga mage (D:15)
  2 smoke demons (Abyss:2)
  2 apocalypse crabs (Abyss:2)
  The ghost of Revguard the Dealer of Despair, a novice DsNe of Kikubaaqudgha (D:6)
  A komodo dragon (D:10)
  4 centaur skeletons
  An orange demon (Abyss:2)
  2 tengu conjurers
  An ancient zyme (Abyss:2)
  A queen bee (D:14)
  A meliai (shapeshifter) (D:15)
  A polar bear (D:10)
  A hornet (D:9)
  3 meliai (D:14)
  3 blink frogs (Abyss:2)
  8 trolls
  A raiju (Abyss:2)
  The ghost of dracomuter the Conjurer, an amateur HuCj (D:4)
  10 slime creatures
  2 large abominations (Abyss:2)
  4 hippogriffs
  A meliai zombie (D:13)
  A centaur simulacrum (D:10)
  2 air elementals
  7 redbacks (D:12)
  A fire elemental (Elf:1)
  A vampire (D:15)
  16 yaks
  A water elemental (Elf:1)
  2 wyverns
  2 wraiths
  A human (D:7)
  3 hungry ghosts
  4 hogs (D:7)
  2 spatial vortices (Abyss:2)
  4 small abominations (Abyss:2)
  Edmund (D:6)
  3 acid dragons
  3 wargs (Orc:2)
  37 orc warriors
  A swamp drake (D:10)
  5 ice beasts
  3 sky beasts
  3 black bears
  A black bear (shapeshifter) (D:13)
  4 phantoms
  A necrophage (D:15)
  An eye of draining (D:14)
  17 ogres
  3 crocodiles
  20 centaurs
  A big kobold (D:14)
  3 wyvern zombies
  8 bullfrogs
  An earth elemental (Elf:1)
  A gnoll sergeant (D:5)
  4 scorpions
  21 killer bees
  3 wights (D:12)
  4 howler monkeys
  An electric eel (D:10)
  5 crimson imps
  4 centaur zombies
  A bullfrog zombie (D:9)
  6 hounds
  4 jellies
  23 orc wizards
  2 quasits
  15 orc priests
  6 iguanas
  3 bullfrog skeletons
  7 worker ants
  A bullfrog simulacrum (D:10)
  3 hound skeletons
  13 mummies (Ossuary)
  Robin (D:2)
  A worker ant zombie (D:5)
  11 adders
  9 gnolls
  4 shadow imps
  4 white imps (D:10)
  An ufetubus (Abyss:2)
  2 oozes
  2 adder skeletons
  A worm (D:3)
  4 dart slugs
  12 leopard geckos
  76 orcs
  3 bats
  4 giant cockroaches
  4 hobgoblins (D:2)
  9 jackals
  10 quokkas
  5 ball pythons
  A ball python zombie (D:5)
  6 frilled lizards
  2 gnoll skeletons (Ossuary)
  8 goblins
  A goblin skeleton (Ossuary)
  12 kobolds
  3 kobold skeletons (Ossuary)
  2 orc skeletons (Ossuary)
  A quokka skeleton (D:6)
  A quokka zombie (D:6)
  4 rats
  11 rat skeletons (Ossuary)
629 creatures vanquished.

Vanquished Creatures (collateral kills)
  Roxanne (Elf:1)
1 creature vanquished.

Vanquished Creatures (others)
  A deep elf mage (Elf:1)
  A water elemental (Elf:1)
  A boggart (Elf:1)
  A human (D:4)
  An earth elemental (Elf:1)
  4 plants
  4 starspawn tentacles (Abyss:2)
13 creatures vanquished.

Grand Total: 643 creatures vanquished

Notes
Turn   | Place    | Note
-------+----------+-------------------------------------------
     0 | D:1      | Henning the Minotaur Berserker began the quest for the Orb.
     0 | D:1      | Reached XP level 1. HP: 19/19 MP: 0/0
   704 | D:2      | Reached skill level 4 in Axes
   704 | D:2      | Reached XP level 2. HP: 11/27 MP: 1/1
   710 | D:2      | Found an opulent altar of Gozag.
  1120 | D:2      | Reached XP level 3. HP: 33/33 MP: 2/2
  1326 | D:2      | Reached ** piety under Trog
  1367 | D:2      | Noticed Robin
  1377 | D:2      | Killed Robin
  1544 | D:2      | Reached XP level 4. HP: 39/41 MP: 3/3
  1761 | D:3      | Found a shattered altar of Ashenzari.
  1903 | D:3      | Reached skill level 5 in Axes
  1903 | D:3      | Reached XP level 5. HP: 47/47 MP: 4/4
  2260 | D:4      | Noticed a phantom
  2294 | D:4      | Reached *** piety under Trog
  2295 | D:4      | Killed a phantom
  2295 | D:4      | Reached XP level 6. HP: 18/55 MP: 5/5
  2311 | D:4      | Reached skill level 6 in Axes
  2667 | D:4      | Reached skill level 5 in Armour
  2941 | D:4      | Reached skill level 5 in Fighting
  3228 | D:4      | Reached XP level 7. HP: 53/61 MP: 6/6
  3347 | D:4      | Reached skill level 7 in Axes
  3535 | D:4      | Reached skill level 1 in Stealth
  3717 | D:4      | Noticed dracomuter's ghost (amateur HuCj)
  3727 | D:4      | Killed dracomuter's ghost
  3727 | D:4      | Reached skill level 8 in Axes
  3727 | D:4      | Reached XP level 8. HP: 62/70 MP: 7/7
  3996 | D:4      | Found an ancient bone altar of Kikubaaqudgha.
  4030 | D:5      | Entered Level 5 of the Dungeon
  4072 | D:5      | Found a blossoming altar of Fedhas.
  4100 | D:5      | Reached **** piety under Trog
  4525 | D:5      | Found a shimmering altar of Xom.
  5128 | D:6      | Reached skill level 9 in Axes
  5128 | D:6      | Reached skill level 5 in Dodging
  5151 | D:6      | Noticed Revguard's ghost (novice DsNe)
  5166 | D:6      | Killed Revguard's ghost
  5166 | D:6      | Reached skill level 1 in Shields
  5188 | D:6      | Found a glowing silver altar of Zin.
  5241 | D:6      | Noticed Edmund
  5247 | D:6      | Killed Edmund
  5253 | D:6      | Found a hazy altar of Hepliaklqana.
  5256 | D:6      | Found a sparkling altar of Nemelex Xobeh.
  5259 | D:6      | Found a white marble altar of Elyvilon.
  5286 | D:6      | Found an iron altar of Okawaru.
  5495 | D:6      | Reached XP level 9. HP: 78/78 MP: 8/8
  5513 | D:6      | Found a staircase to the Ecumenical Temple.
  5518 | Temple   | Entered the Ecumenical Temple
  6149 | D:7      | Reached skill level 10 in Axes
  6238 | D:7      | Found a stormy altar of Qazlal.
  6391 | D:7      | Reached skill level 11 in Axes
  6741 | D:8      | Found a sand-covered staircase.
  6785 | D:8      | Noticed a two-headed ogre
  6791 | D:8      | Killed a two-headed ogre
  6791 | D:8      | Reached XP level 10. HP: 88/88 MP: 9/9
  6806 | D:8      | Found a glowing golden altar of the Shining One.
  6865 | D:8      | Reached ***** piety under Trog
  6956 | Ossuary  | Entered an ossuary
  7033 | Ossuary  | Reached skill level 5 in Shields
  7266 | D:8      | Noticed a two-headed ogre
  7273 | D:8      | Killed a two-headed ogre
  7273 | D:8      | Reached skill level 12 in Axes
  7617 | D:8      | Noticed Maurice
  7625 | D:8      | Killed Maurice
  7625 | D:8      | Reached skill level 13 in Axes
  8103 | D:9      | Noticed a two-headed ogre
  8115 | D:9      | Killed a two-headed ogre
  8115 | D:9      | Reached XP level 11. HP: 95/95 MP: 10/10
  8234 | D:9      | Received a gift from Trog
  8797 | D:10     | Entered Level 10 of the Dungeon
  8801 | D:10     | Noticed a two-headed ogre
  8823 | D:9      | Reached skill level 14 in Axes
  8883 | D:10     | Killed a two-headed ogre
  8950 | D:10     | Noticed Sapher's ghost (novice GnNe)
  8995 | D:10     | Killed Sapher's ghost
  9100 | D:10     | Reached skill level 10 in Armour
  9123 | D:10     | Found a staircase to the Orcish Mines.
  9308 | D:10     | Found a staircase to the Lair.
  9340 | D:10     | Noticed a two-headed ogre
  9356 | D:10     | Killed a two-headed ogre
  9869 | D:11     | Received a gift from Trog
  9900 | D:11     | Reached skill level 10 in Fighting
  9976 | D:11     | Reached skill level 15 in Axes
 10224 | D:12     | Reached XP level 12. HP: 99/106 MP: 11/11
 10232 | D:12     | Received a gift from Trog
 10800 | D:13     | Noticed a six-headed hydra
 10814 | D:13     | Killed a ten-headed hydra
 10814 | D:13     | Reached skill level 10 in Shields
 10916 | D:13     | Noticed a centaur warrior
 10932 | D:13     | Reached skill level 16 in Axes
 10940 | D:13     | Killed a centaur warrior
 11029 | D:13     | Noticed Rupert
 11051 | D:13     | Killed Rupert
 11051 | D:13     | Reached ****** piety under Trog
 11229 | D:13     | Reached XP level 13. HP: 116/116 MP: 12/12
 11282 | D:13     | Reached skill level 1 in Throwing
 11360 | D:13     | Got a glittering marble ring
 11362 | D:13     | Identified a ring of Ithrealak {Wiz *Drain rPois Dex+3 SInv} (You found it on level 13 of the Dungeon)
 11455 | D:13     | Found Yvvocz Faef's General Store.
 11776 | D:13     | Noticed an ettin
 11783 | D:13     | Killed an ettin
 11918 | D:13     | Found a gate to the Vaults.
 12047 | D:14     | Received a gift from Trog
 12424 | D:14     | Reached skill level 17 in Axes
 12739 | D:15     | Entered Level 15 of the Dungeon
 13142 | D:15     | Received a gift from Trog
 13312 | D:15     | Found a staircase to the Depths.
 13319 | D:15     | Received a gift from Trog
 13570 | Depths:1 | Entered Level 1 of the Depths
 13570 | Depths:1 | Found Rajyxen's Evil Emporium.
 13573 | Depths:1 | Found a basalt altar of Yredelemnul.
 13585 | Depths:1 | Reached XP level 14. HP: 119/129 MP: 8/13
 13793 | Orc:1    | Entered Level 1 of the Orcish Mines
 13801 | Orc:1    | Noticed a stone giant
 13816 | Orc:1    | Killed a stone giant
 13854 | Orc:1    | Found a roughly hewn altar of Beogh.
 14265 | Orc:1    | Found a burning altar of Makhleb.
 14315 | Orc:2    | Entered Level 2 of the Orcish Mines
 14323 | Orc:2    | Noticed Sonja
 14347 | Orc:2    | Killed Sonja
 14492 | Orc:2    | Found a staircase to the Elven Halls.
 14533 | Orc:2    | Received a gift from Trog
 14991 | Orc:2    | Found Penilar's Jewellery Shoppe.
 14991 | Orc:2    | Found Amenise's Gadget Boutique.
 14993 | Orc:2    | Found Ruco's Book Shop.
 14995 | Orc:2    | Found Qotu's Armour Emporium.
 15163 | Elf:1    | Entered Level 1 of the Elven Halls
 15196 | Elf:1    | Noticed a deep elf elementalist
 15210 | Elf:1    | Killed a deep elf elementalist
 15892 | Elf:1    | Noticed Roxanne
 15903 | Elf:1    | Killed Roxanne
 15903 | Elf:1    | Reached skill level 5 in Throwing
 16073 | Elf:1    | Received a gift from Trog
 16253 | Elf:1    | Cast into level 2 of the Abyss (a wizard)
 16386 | Abyss:2  | Noticed a tentacled starspawn
 16396 | Abyss:2  | Killed a tentacled starspawn
 16435 | Abyss:2  | Reached XP level 15. HP: 43/138 MP: 14/14
 16469 | Abyss:2  | Reached skill level 18 in Axes
 16595 | Elf:1    | Escaped the Abyss
 16595 | Elf:1    | HP: 3/139 [deep elf mage/bolt of lightning (33)]
 16595 | Elf:1    | Killed from afar by a deep elf mage

Skill      XL: |  1  2  3  4  5  6  7  8  9 10 11 12 13 14 15 |
---------------+----------------------------------------------+-----
Axes           | 4 5 6 8 9 11 13 15 16 17 18 | 18.0
Fighting       | 4 5 6 7 8 10 11 13 14 | 14.4
Armour         | 3 4 5 6 7 8 9 10 11 12 13 | 13.3
Dodging        | 3 4 5 6 |  6.6
Stealth        | 1 2 |  2.3
Shields        | 1 4 6 8 10 12 13 14 | 14.0
Throwing       | 3 5 |  5.3

Action                   |  1- 3 |  4- 6 |  7- 9 | 10-12 | 13-15 || total
-------------------------+-------+-------+-------+-------+-------++-------
Melee: Hand axe          |    89 |   130 |     6 |       |       ||   225
       Headbutt          |    13 |    23 |    48 |   160 |   208 ||   452
       War axe           |       |       |   246 |   637 |   698 ||  1581
Throw: Tomahawk          |       |       |       |     5 |    83 ||    88
       Javelin           |       |       |       |       |     6 ||     6
Invok: Berserk           |     1 |       |     4 |     8 |     3 ||    16
       Trog's Hand       |       |       |     1 |     2 |     2 ||     5
       Burn Spellbooks   |       |       |       |     4 |     3 ||     7
       Brothers in Arms  |       |       |       |       |     2 ||     2
  Use: Scroll            |       |       |       |    26 |     4 ||    30
       Potion            |       |       |       |       |     3 ||     3
 Stab: Confused          |       |       |       |     1 |       ||     1
  Eat: Chunk             |     3 |     5 |    15 |    26 |    17 ||    66
       Ration            |       |       |       |       |     2 ||     2
Armor: Ring mail         |    35 |    81 |    23 |       |       ||   139
       Scale mail        |       |       |    55 |    38 |       ||    93
       Plate armour      |       |       |       |   183 |   259 ||   442
Dodge: Dodged            |    54 |    86 |    64 |   139 |   193 ||   536
Block: Shield            |       |       |    90 |   385 |   511 ||   986
